 Dungeon Crawl Stone Soup version 0.22.0-21-g8bd1b0a (webtiles) character file.

194 Lew the Skirmisher (level 5, 0/42 HPs)
             Began as a Demonspawn Abyssal Knight on Aug 19, 2018.
             Was a Believer of Lugonu.
             Succumbed to an adder's poison
             ... on level 3 of the Dungeon.
             The game lasted 00:05:41 (3135 turns).

Lew the Skirmisher (Demonspawn Abyssal Knight)      Turns: 3135, Time: 00:05:42

Health: 0/42       AC:  5    Str: 18    XL:     5   Next: 44%
Magic:  7/7        EV: 11    Int: 13    God:    Lugonu [**....]
Gold:   85         SH:  0    Dex: 13    Spells: 4/4 levels left

rFire    . . .     SeeInvis .   a - +2 falchion
rCold    . . .     Gourm    .   (no shield)
rNeg     . . .     Faith    .   e - +0 ring mail
rPois    .         Spirit   .   (no helmet)
rElec    .         Reflect  .   (no cloak)
rCorr    .         Harm     .   (no gloves)
MR       .....     Rnd*Tele +   (no boots)
Stlth    +.........             g - amulet of magic regeneration
HPRegen  0.14/turn              d - ring of teleportation (curse)
MPRegen  0.35/turn              (no ring)

@: mighty, lethally poisoned (0 -> -1), flying
A: powered by pain 1
a: Depart the Abyss, Bend Space, Renounce Religion


You were on level 3 of the Dungeon.
You worshipped Lugonu.
Lugonu was pleased with you.
You were hungry.

You visited 1 branch of the dungeon, and saw 3 of its levels.
You visited the Abyss 1 time.

You collected 85 gold pieces.

Inventory:

Hand Weapons
 a - a +2 falchion (weapon)
Armour
 e - a +0 ring mail (worn)
Jewellery
 d - a cursed ring of teleportation (left hand)
 g - an amulet of magic regeneration (around neck)
 i - an uncursed ring of fire {unknown}
 o - a +5 ring of dexterity {unknown}
Wands
 j - a wand of polymorph (7)
Scrolls
 m - 3 scrolls of identify
Comestibles
 c - 5 rations


   Skills:
 * Level 3.8 Fighting
 * Level 2.7 Long Blades
 * Level 2.7 Armour
 * Level 2.3 Dodging
 + Level 1.3 Stealth
 + Level 3.1 Invocations


You had 4 spell levels left.
You didn't know any spells.
Your spell library was empty.

Dungeon Overview and Level Annotations

Branches:
Dungeon (3/15)

Altars:
Ashenzari


Innate Abilities, Weirdness & Mutations

You sometimes gain a little power by taking damage.


Message History

It was a potion of flight.
You feel very buoyant.
You fly up into the air.
The jackal misses you.
The jackal bites you but does no damage.
Okay, then.
You feel slightly jumpy.
Oops, that ring feels deathly cold.
d - a cursed ring of teleportation (left hand)
You slash the jackal!
You kill the jackal!
Lugonu accepts your kill.
* * * LOW HITPOINT WARNING * * *
You feel sick. The jackal closely misses you.
You slash the jackal!
You kill the jackal!
Lugonu accepts your kill.
Items here: )) [ †††††††
There is a lethal amount of poison in your body!
* * * LOW HITPOINT WARNING * * *
You feel sick.
You die...

# ######### #
........######
..............
#############.######
#).@........#.######
#.#########.#.#....#
..g #...#...##.#
#.#S #.###...##.#
...#g #.#.#.....##.#
### #.
#..........#.# #.
###.#.###..#.# #.
...#[.....#.#
...............


There were no monsters in sight!

Vanquished Creatures
  An orc priest (D:3)
  7 adders
  2 gnolls (D:3)
  2 oozes
  A worm (D:3)
  3 dart slugs
  2 leopard geckos
  3 orcs (D:3)
  A ball python (D:1)
  3 giant cockroaches
  7 goblins
  6 hobgoblins
  3 jackals (D:3)
  A quokka (D:2)
  9 bats
  2 frilled lizards
  4 kobolds
  7 rats
64 creatures vanquished.

Notes
Turn   | Place    | Note
-------+----------+-------------------------------------------
     0 | Abyss:1  | Lew the Demonspawn Abyssal Knight began the quest for the Orb.
     0 | Abyss:1  | Reached XP level 1. HP: 18/18 MP: 2/2
   134 | Abyss:1  | Noticed a thrashing horror
   135 | Abyss:1  | Noticed a chaos spawn
   139 | D:1      | Escaped the Abyss
   144 | D:1      | Noticed an octopode
   144 | D:1      | Noticed a human
   146 | D:1      | Noticed a naga
   146 | D:1      | Noticed a merfolk
   148 | D:1      | Noticed a centaur
   148 | D:1      | Noticed a vampire
   150 | D:1      | Noticed a demigod
   150 | D:1      | Noticed a vine stalker
   152 | D:1      | Noticed a troll
   154 | D:1      | Noticed a halfling
   156 | D:1      | Noticed a ghoul
   156 | D:1      | Noticed a dwarf
   158 | D:1      | Noticed a tengu
   158 | D:1      | Noticed a minotaur
   160 | D:1      | Noticed a gargoyle
   160 | D:1      | Noticed a demonspawn
   164 | D:1      | Noticed a draconian
   164 | D:1      | Noticed a felid
   166 | D:1      | Noticed a formicid
   166 | D:1      | Noticed an elf
   168 | D:1      | Noticed an ogre
   168 | D:1      | Noticed a spriggan
   217 | D:1      | Reached skill level 1 in Dodging
   340 | D:1      | Gained mutation: You sometimes gain a little power by taking damage. [demonic ancestry]
   340 | D:1      | Reached XP level 2. HP: 20/24 MP: 3/3
   613 | D:1      | Reached * piety under Lugonu
   775 | D:1      | Reached XP level 3. HP: 29/29 MP: 4/4
  1397 | D:2      | Found a shattered altar of Ashenzari.
  2215 | D:2      | Reached XP level 4. HP: 34/35 MP: 6/6
  2465 | D:3      | Reached skill level 1 in Stealth
  3093 | D:3      | Reached XP level 5. HP: 35/42 MP: 7/7
  3110 | D:3      | Reached ** piety under Lugonu
  3125 | D:3      | HP: 2/42 [poisoned by an adder]
  3131 | D:3      | HP: 1/42 [poisoned by an adder]
  3135 | D:3      | Succumbed to an adder's poison

Skill      XL: |  1  2  3  4 |
---------------+-------------+-----
Dodging        | 1 2 |  2.3
Long Blades    | 2 |  2.7
Armour         | 2 |  2.7
Stealth        | 1 |  1.3
Invocations    | 3 |  3.1
Fighting       | |  3.8

Action                   |  1- 3 |  4- 6 || total
-------------------------+-------+-------++-------
Melee: Falchion          |   102 |    87 ||   189
Invok: Depart the Abyss  |     1 |       ||     1
  Use: Scroll            |     1 |     3 ||     4
       Potion            |     1 |     8 ||     9
  Eat: Ration            |     1 |       ||     1
       Chunk             |       |     3 ||     3
Armor: Ring mail         |    40 |    33 ||    73
       Skin              |       |    28 ||    28
Dodge: Dodged            |    69 |    73 ||   142
       Rpst.: Falchion   |    25 |    30 ||    55
